 Dungeon Crawl Stone Soup version 0.28.0-43-g3370ac3207 (webtiles) character file.

Game seed: 6860968784574021209

116 AngPrime the Ruffian (level 5, -4/42 HPs)
             Began as a Ghoul Gladiator on Mar 28, 2022.
             Slain by a gnoll
             ... wielding a +0 spear
              (6 damage)
             ... on level 3 of the Dungeon.
             The game lasted 00:07:56 (2245 turns).

AngPrime the Ruffian (Ghoul Gladiator)              Turns: 2245, Time: 00:07:57

Health: -4/42      AC:  4    Str: 20    XL:     5   Next: 0%
Magic:  4/4        EV: 12    Int:  3    God:
Gold:   134        SH:  0    Dex: 10    Spells: 4/4 levels left

rFire   . . .      SeeInvis .     - Unarmed
rCold   + . .      Faith    .   (no shield)
rNeg    + + +      Spirit   .   a - +0 leather armour
rPois   ∞          Reflect  .   b - +0 helmet
rElec   .          Harm     .   (no cloak)
rCorr   .          Rampage  .   (no gloves)
Will    .....                   (no boots)
Stlth   +.........              (no amulet)
HPRegen 0.00/turn               (no ring)
MPRegen 0.09/turn               (no ring)

@: inhibited regen
A: claws 1, cold resistance 1, negative energy resistance 3, inhibited
regeneration, torment resistance 2
a: no special abilities


You were on level 3 of the Dungeon.
You visited 1 branch of the dungeon, and saw 3 of its levels.

You collected 134 gold pieces.

Inventory:

Hand Weapons
 g - a +0 mace
Missiles
 c - 3 throwing nets (quivered)
 d - 53 bolts
 j - 61 stones
Armour
 a - a +0 leather armour (worn)
 b - a +0 helmet (worn)
 k - a +0 plate armour
Scrolls
 e - a scroll of enchant armour {unknown}
 f - 2 scrolls of identify {unknown}
 h - a scroll of teleportation {unknown}
 l - a scroll of magic mapping {unknown}
 m - a scroll of vulnerability {unknown}
 p - a scroll of noise {unknown}
 r - a scroll of holy word {unknown}
Potions
 i - a potion of berserk rage {unknown}
 n - a potion of curing {unknown}
 o - a potion of heal wounds {unknown}
 q - a potion of haste {unknown}


   Skills:
 + Level 2.4 Fighting
 + Level 1.9 Throwing
 + Level 1.5 Armour
 + Level 3.6 Dodging
 + Level 4.4 Unarmed Combat


You had 4 spell levels left.
You didn't know any spells.
Your spell library was empty.

Dungeon Overview and Level Annotations

Branches:
Dungeon (3/15)

Altars:
Nemelex Xobeh
Wu Jian


Innate Abilities, Weirdness & Mutations

You thrive by killing the living.
You are immune to poison.
You have sharp fingernails.
Your flesh is cold resistant. (rC+)
You are immune to negative energy. (rN+++)
You do not regenerate when monsters are visible.
You are immune to unholy pain and torment.


Message History

Things that are here:
a +0 club; a +0 robe; the human corpse of Jessica You don't know any spells.
You scratch the kobold.
The kobold is severely wounded.
The kobold closely misses you. The gnoll closely misses you.
You closely miss the kobold.
The kobold is severely wounded.
The kobold closely misses you. The gnoll closely misses you.
You claw the kobold!
You kill the kobold!
The gnoll closely misses you.
You have reached level 5!
You feel stronger. The gnoll completely misses you.
The gnoll hits you from afar with a +0 spear.
You scratch the gnoll.
The gnoll is heavily wounded.
You scratch the gnoll but do no damage.
The gnoll is heavily wounded.
The gnoll hits you but does no damage.
The gnoll hits you from afar with a +0 spear.
* * * LOW HITPOINT WARNING * * *
You completely miss the gnoll.
The gnoll is moderately wounded.
The gnoll closely misses you. The gnoll barely misses you.
You scratch the gnoll but do no damage.
The gnoll is moderately wounded.
The gnoll closely misses you.
The gnoll hits you from afar with a +0 spear.
* * * LOW HITPOINT WARNING * * *
You barely miss the gnoll.
The gnoll is moderately wounded.
The gnoll hits you with a +0 spear.
* * * LOW HITPOINT WARNING * * *
The gnoll hits you but does no damage.
You claw the gnoll!
The gnoll is almost dead.
The gnoll hits you with a +0 spear.
You die...

#.######.#####.#####.##.##....
#.# #.......................
##.# #.#####.#####.########..
#..# #.#####.# #.# #.. #.##
#.......# ###.#### #.. #.#
######### #......# #.. #.#
#.....# #....#.#####.. #.#
#.....#####....#gK...... #.#
#......@ggg....gg.......
#.####
#.....####g.............
#....# #.....# #.##.#.######..
####.# ##########.##.#.# #..
#.#### ###..........# #..
#.##.. ...#####..### #..
#.##.# #..##.....# #..
#.##.#####..##.##.## ...
#.##....##..##.##.#


You could see 4 gnolls.

Vanquished Creatures
  Jessica (D:3)
  An iguana (D:3)
  An adder (D:2)
  A worm (D:2)
  3 orcs (D:3)
  7 bats
  4 endoplasms
  3 goblins
  5 hobgoblins
  5 quokkas
  4 ball pythons
  6 frilled lizards
  4 kobolds
  7 rats
52 creatures vanquished.

Vanquished Creatures (others)
  5 fungi (D:2)
  5 plants (D:2)
10 creatures vanquished.

Grand Total: 62 creatures vanquished

Notes
Turn   | Place    | Note
-------+----------+-------------------------------------------
     0 | D:1      | AngPrime the Ghoul Gladiator began the quest for the Orb.
     0 | D:1      | Reached XP level 1. HP: 17/17 MP: 0/0
   402 | D:1      | Reached XP level 2. HP: 24/24 MP: 1/1
  1075 | D:2      | Reached skill level 4 in Unarmed Combat
  1075 | D:2      | Reached XP level 3. HP: 30/30 MP: 2/2
  1331 | D:2      | Found a faded altar of an unknown god.
  1537 | D:2      | Found an ornate altar of the Wu Jian Council.
  1994 | D:3      | Found a sparkling altar of Nemelex Xobeh.
  2054 | D:3      | Reached XP level 4. HP: 34/37 MP: 3/3
  2160 | D:3      | Noticed Jessica
  2185 | D:3      | Killed Jessica
  2200 | D:3      | Reached skill level 1 in Armour
  2238 | D:3      | Reached XP level 5. HP: 17/42 MP: 4/4
  2244 | D:3      | HP: 2/42 [gnoll/+0 spear (6)]
  2245 | D:3      | Slain by a gnoll

Illustrated notes

Levels and vault maps discovered:
D:1:      saegor_arrival_simple_e, layout_loops_corners, serial_shops, shop
D:2:      layout_loops_corners, basic_altar,
          shapermc_ecumenical_altar_mp_ritualfount
D:3:      layout_loops_cross, lemuel_round_altar, minmay_misc_feat_square,
          uniq_jessica

Skill      XL: |  1  2  3  4 |
---------------+-------------+-----
Unarmed Combat | 4 |  4.4
Dodging        | 3 |  3.6
Armour         | 1 |  1.5
Fighting       | |  2.4
Throwing       | |  1.9

Action                   |  1- 3 |  4- 6 || total
-------------------------+-------+-------++-------
Melee: Unarmed           |   142 |    26 ||   168
       Punch             |     4 |     1 ||     5
Armor: Leather armour    |    38 |     2 ||    40
Dodge: Dodged            |    77 |    16 ||    93
